 Dungeon Crawl Stone Soup version 0.26-a0-639-g72c4674 (webtiles) character file.

Game seed: 14000669078054247175

283 B1Gdaddy5 the Bolt Thrower (level 6, -1/46 HPs)
             Began as a Human Wanderer on Sept 20, 2020.
             Was a Follower of the Shining One.
             Slain by an ogre
             ... wielding a +0 giant club
              (22 damage)
             ... on level 4 of the Dungeon.
             The game lasted 00:16:49 (2928 turns).

B1Gdaddy5 the Bolt Thrower (Human Wanderer)         Turns: 2928, Time: 00:16:49

Health: -1/46      AC:  6    Str: 10    XL:     6   Next: 54%
Magic:  6/6        EV: 10    Int: 12    God:    the Shining One [*.....]
Gold:   194        SH:  0    Dex: 17    Spells: 5/5 levels left

rFire    . . .     SeeInvis .   a - +2 hand crossbow
rCold    . . .     Faith    .   (no shield)
rNeg     . . .     Spirit   .   c - +0 ring mail
rPois    .         Reflect  .   l - +0 helmet
rElec    .         Harm     .   (no cloak)
rCorr    .         Rampage  .   (no gloves)
MR       .....                  (no boots)
Stlth    +.........             (no amulet)
HPRegen  0.15/turn              p - ring of wizardry
MPRegen  0.10/turn              (no ring)

@: glowing
A: no striking features
a: Renounce Religion


You were on level 4 of the Dungeon.
You worshipped the Shining One.
The Shining One was aware of your devotion.
You visited 1 branch of the dungeon, and saw 4 of its levels.

You collected 194 gold pieces.

Inventory:

Hand Weapons
 a - a +2 hand crossbow (weapon)
 k - a +0 short sword of freezing
 q - a +2 dagger of venom
Missiles
 b - 50 bolts (quivered)
Armour
 c - a +0 ring mail (worn)
 l - a +0 helmet (worn)
Jewellery
 p - a ring of wizardry (left hand)
 t - a +4 ring of evasion {unknown}
Scrolls
 d - 3 scrolls of identify
 g - 2 scrolls of remove curse {unknown}
 n - a scroll of enchant weapon {unknown}
 o - a scroll of amnesia {unknown}
 r - 2 scrolls of teleportation {unknown}
 u - a scroll of fear {unknown}
Potions
 e - a potion of might {unknown}
 f - a potion of lignification
 h - a potion of heal wounds
 i - 4 potions of curing
 j - 3 potions of resistance
 m - 2 potions of mutation {unknown}
 s - a potion of degeneration {unknown}


   Skills:
 + Level 2.5 Fighting
   Level 1.0 Polearms
 * Level 5.8 Crossbows
 + Level 2.6 Armour
 + Level 1.2 Dodging
 + Level 1.2 Stealth
   Level 1.0 Evocations


You had 5 spell levels left.
You didn't know any spells.
Your spell library was empty.

Dungeon Overview and Level Annotations

Branches:
Dungeon (4/15)
 Temple: D:4-7

Altars:
Ashenzari
Cheibriados
Nemelex Xobeh
Ru
Xom
Yredelemnul
The Shining One


Message History

The ogre closely misses you. The ogre barely misses you.
You clumsily bash the ogre but do no damage.
The ogre is heavily wounded.
The ogre hits you with a +0 giant club!
* * * LOW HITPOINT WARNING * * *
You clumsily bash the ogre but do no damage.
The ogre is heavily wounded.
The ogre hits you with a +0 giant club!!
The Shining One protects you from harm!
You feel much better. The ogre hits you with a +0 giant club.
You clumsily bash the ogre but do no damage.
The ogre is heavily wounded.
The ogre hits you with a +0 giant club!
You clumsily bash the ogre but do no damage.
The ogre is heavily wounded.
The ogre closely misses you.
You clumsily bash the ogre but do no damage.
The ogre is heavily wounded.
The ogre hits you with a +0 giant club!!
You die...

#...... ####### #......
#...... #...... +(.....
#...... #...... #......
#...... #...... #......
#......
#.....(###################'##
...).......O@...............)
###.#######################.#
......... ########.# ... #<#
#.# #.# #..###.# #.....#
#..####


You could see an ogre.

Vanquished Creatures
  3 orc wizards (D:4)
  Robin (D:3)
  7 adders
  2 worms
  5 dart slugs
  2 leopard geckos
  7 orcs
  3 giant cockroaches
  9 hobgoblins
  7 jackals
  4 quokkas
  A ball python (D:1)
  9 bats
  4 frilled lizards
  20 goblins
  A jackal skeleton (D:2)
  6 kobolds
  8 rats
99 creatures vanquished.

Notes
Turn   | Place    | Note
-------+----------+-------------------------------------------
     0 | D:1      | B1Gdaddy5 the Human Wanderer began the quest for the Orb.
     0 | D:1      | B1Gdaddy5 set off with the following items: a +2 hand
                  | crossbow, 23 bolts, a +0 ring mail, a +0 spear
     0 | D:1      | Reached XP level 1. HP: 16/16 MP: 1/1
   215 | D:1      | Reached XP level 2. HP: 19/22 MP: 2/2
   327 | D:1      | Reached skill level 3 in Crossbows
   579 | D:1      | Reached XP level 3. HP: 27/27 MP: 3/3
   840 | D:2      | Found a glowing golden altar of the Shining One.
   843 | D:2      | Became a worshipper of the Shining One
   886 | D:2      | Found a sparkling altar of Nemelex Xobeh.
  1028 | D:2      | Found a basalt altar of Yredelemnul.
  1070 | D:2      | Reached XP level 4. HP: 33/33 MP: 4/4
  1324 | D:2      | Reached skill level 4 in Crossbows
  1566 | D:3      | Noticed Robin
  1587 | D:3      | Killed Robin
  1587 | D:3      | Reached XP level 5. HP: 32/39 MP: 5/5
  1597 | D:3      | Reached * piety under the Shining One
  2189 | D:3      | Found a snail-covered altar of Cheibriados.
  2292 | D:3      | Found a shattered altar of Ashenzari.
  2568 | D:4      | Found a sacrificial altar of Ru.
  2584 | D:4      | Reached skill level 5 in Crossbows
  2667 | D:4      | Reached XP level 6. HP: 46/46 MP: 6/6
  2827 | D:4      | Found a shimmering altar of Xom.
  2909 | D:4      | Noticed an ogre
  2924 | D:4      | The Shining One protects you from harm!
  2928 | D:4      | Slain by an ogre

Illustrated notes

Levels and vault maps discovered:
D:1:      minmay_arrival_checkered_box, layout_loops_ring, serial_bayou_ford_a
D:2:      layout_loops_ring, nicolae_overflow_hidden_temple,
          lemuel_doored_altar, nemelex_xobeh_ov_fountains_minmay,
          kennysheep_generic_room_14
D:3:      layout_basic, old_standard_altar, serial_corexii_hall,
          corexii_hall_statues_u, chequers_hall_statues_wall_a,
          corexii_hall_statues_u, corexii_hall_statues_s,
          corexii_hall_statues_t, corexii_hall_statues_t, minivault_14,
          kennysheep_slug_shrine, uniq_robin
D:4:      layout_basic, nicolae_ru_sacrificial_ziggurat, kennysheep_little_box,
          serial_shops, shop, uniq_sigmund

Skill      XL: |  1  2  3  4  5 |
---------------+----------------+-----
Crossbows      | 3 4 5 |  5.8
Fighting       | |  2.5
Polearms       | |  1.0
Armour         | |  2.6
Dodging        | |  1.2
Stealth        | |  1.2
Evocations     | |  1.0

Action                   |  1- 3 |  4- 6 || total
-------------------------+-------+-------++-------
Melee: Hand crossbow     |    21 |    12 ||    33
 Fire: Hand crossbow     |    52 |   156 ||   208
  Use: Scroll            |       |     3 ||     3
       Potion            |       |     2 ||     2
Armor: Ring mail         |    17 |    30 ||    47
Dodge: Dodged            |    33 |    36 ||    69

Table legend: (Time is in decaauts)
 A = Elapsed time spent in this place.
 B = Non-inter-level travel time spent in this place.
 C = Inter-level travel time spent in this place.
 D = Time resting spent in this place.
 E = Time spent auto-exploring this place.
 F = Levels seen in this place.
 G = Mean time per level.
                   A        B        C        D        E       F      G
               +--------+--------+--------+--------+--------+-----+--------+
         Total |   3016 |   2890 |    126 |    100 |   1908 |   4 |  754.0 |
       Dungeon |   3016 |   2890 |    126 |    100 |   1908 |   4 |  754.0 |
               +--------+--------+--------+--------+--------+-----+--------+

Top non-repeatable levels by time:
     D:3: 1025 daAuts
     D:1: 818 daAuts
     D:2: 794 daAuts
     D:4: 378 daAuts
